 Dungeon Crawl Stone Soup version 0.20.0-15-g7f486f2 (webtiles) character file.

17686 gobwax the Spear-Bearer (level 12, -2/102 HPs)
             Began as a Demonspawn Gladiator on June 29, 2017.
             Was an Elder of Okawaru.
             Slain by a tengu reaver
             ... wielding a +1 battleaxe
              (3 damage)
             ... on level 10 of the Dungeon.
             The game lasted 00:36:42 (11758 turns).

gobwax the Spear-Bearer (Demonspawn Gladiator)     Turns: 11758, Time: 00:36:45

Health: -2/102     AC: 12    Str: 24 (25) XL:     12   Next: 21%
Magic:  0/17       EV: 21    Int:  8 (11) God:    Okawaru [****..]
Gold:   485        SH:  0    Dex: 15 (17) Spells: 9/11 levels left

rFire    . . .     SeeInvis .   E - +4 spear "Leih" {pierce, rElec rC- Str+4 Dex+2}
rCold    x . .     Gourm    .   (no shield)
rNeg     . . .     Faith    .   M - +3 leather armour
rPois    .         Spirit   +   (helmet restricted)
rElec    +         Reflect  .   O - scarf {repulsion}
rCorr    .         Harm     .   n - +2 pair of gloves
MR       .....                  (no boots)
Stlth    +++++.....             t - amulet of rage
Regen    0.0/turn               d - ring of wizardry
MPRegen  0.2/turn               (no ring)

@: mighty, heroism, berserk cooldown, repel missiles
A: horns 2, icy blue scales 2, nightstalker 2, inhibited regeneration, weak 1,
magic shield, no potion heal 1
a: Heroism, Renounce Religion, Evoke Berserk Rage


You were on level 10 of the Dungeon.
You worshipped Okawaru.
Okawaru was greatly pleased with you.
You were not hungry.

You visited 2 branches of the dungeon, and saw 11 of its levels.
You also visited: Ossuary.

You collected 591 gold pieces.
You spent 106 gold pieces at shops.

Inventory:

Hand Weapons
 a - a +1 trident
 g - a +0 blowgun
 k - a +2 halberd
 s - a +3 scythe
 E - the +4 spear "Leih" (weapon) {pierce, rElec rC- Str+4 Dex+2}
   (You found it on level 5 of the Dungeon)

   It inflicts extra damage upon your enemies.
   It affects your strength (+4).
   It affects your dexterity (+2).
   It makes you vulnerable to cold.
   It insulates you from electricity.
 N - a +0 glaive
Missiles
 j - 50 poisoned needles
Armour
 b - a +0 leather armour
 c - a +0 helmet
 l - a +0 cloak
 n - a +2 pair of gloves (worn)
 M - a +3 leather armour (worn)
 O - a scarf of repulsion (worn)
Jewellery
 d - a ring of wizardry (left hand)
 t - an amulet of rage (around neck)
 D - an uncursed amulet of magic regeneration
 H - a cursed ring of teleportation
 I - a cursed ring of teleportation
 Q - an uncursed ring of protection from magic {unknown}
Wands
 p - a wand of flame (23/48)
 v - a wand of lightning (7/15)
 F - a wand of random effects (22/48)
 L - a wand of paralysis (12/24)
 U - a wand of paralysis (15/24)
Scrolls
 e - 8 scrolls of remove curse
 h - 7 scrolls of identify
 i - 6 scrolls of immolation
 o - 9 scrolls of teleportation
 w - a scroll of fear
 y - 5 scrolls of enchant armour
 C - 2 scrolls of recharging
 J - 3 scrolls of fog
 T - a scroll of blinking
Potions
 r - a potion of curing
 u - 2 potions of might
 z - a potion of magic
 A - 3 potions of flight
 B - a potion of cancellation
 G - 3 potions of haste
Books
 x - a book of Air

   Spells                             Type                      Level
   a - Shock                          Conjuration/Air              1
   b - Swiftness                      Charms/Air                   2
   c - Static Discharge               Conjuration/Air              3
   d - Airstrike                      Air                          4
   e - Lightning Bolt                 Conjuration/Air              5
 K - a book of Clouds

   Spells                             Type                      Level
   a - Poisonous Vapours              Poison/Air                   2
   b - Mephitic Cloud                 Conjuration/Poison/Air       3
   c - Conjure Flame                  Conjuration/Fire             3
   d - Freezing Cloud                 Conjuration/Ice/Air          6
   e - Ring of Flames                 Charms/Fire                  7
 R - a book of Maledictions

   Spells                             Type                      Level
   a - Corona                         Hexes                        1
   b - Ensorcelled Hibernation        Hexes/Ice                    2
   c - Confuse                        Hexes                        3
   d - Tukima's Dance                 Hexes                        3
   e - Dazzling Spray                 Conjuration/Hexes            3
Comestibles
 f - 6 bread rations
 m - 10 royal jellies
 q - 3 meat rations
 S - 6 chunks of flesh


   Skills:
 * Level 11.9(16.9) Fighting
 * Level 12.3(17.3) Polearms
 - Level 1.7(6.7) Throwing
 * Level 8.0(13.0) Dodging
 - Level 1.1 Invocations
 - Level 7.2 Evocations


You had 9 spell levels left.
You knew the following spells:

 Your Spells              Type           Power        Failure   Level  Hunger
a - Swiftness             Chrm/Air       #.......     28%         2    ###....


Dungeon Overview and Level Annotations

Branches:
Dungeon (10/15)            Temple (1/1) D:6
   Lair: D:8-11         Orc: D:9-12

Altars:
Ashenzari
Cheibriados
Dithmenos
Elyvilon
Fedhas
Gozag
Hepliaklqana
Kikubaaqudgha
Makhleb
Nemelex Xobeh
Okawaru
Qazlal
Ru
Sif Muna
Trog
Uskayaw
Vehumet
Xom
Yredelemnul
Zin
The Shining One

Shops:
D:8 *   D:9 }?}*:   D:10 }?*


Innate Abilities, Weirdness & Mutations

You have a pair of horns on your head.
You are mostly covered in icy blue scales. (AC +3)
You are significantly more attuned to the shadows.
When hurt, damage is shared between your health and your magic reserves.
You do not regenerate when monsters are visible.
You are weak. (Str -2)
Potions are less effective at restoring your health.


Message History

The tengu reaver is severely wounded.
You bump into the crystal wall.
The tengu reaver hits you with an enchanted battleaxe!
The tengu reaver pecks you! The tengu reaver barely misses you.
You bump into the crystal wall.
The tengu reaver barely misses you. The tengu reaver pecks you!
The tengu reaver claws you.
Your system partially rejects the healing.
You feel better.
You gain the combat prowess of a mighty hero.
The tengu reaver hits you with an enchanted battleaxe!
* * * LOW HITPOINT WARNING * * *
The tengu reaver completely misses you. The tengu reaver closely misses you.
You hit the tengu reaver. You headbutt the tengu reaver.
The tengu reaver is almost dead.
The tengu reaver hits you with an enchanted battleaxe!!
* * * LOW HITPOINT WARNING * * *
The tengu reaver pecks you.
* * * LOW HITPOINT WARNING * * *
The tengu reaver claws you.
You die...

######
#...*
#.†.#
#.Q.#
#.@.#
#...######
#
#........#
#
#........#
#
#........#
#
########'#
# #..[# #
#..## #
#.## #


You could see a tengu reaver and a battlesphere.

Vanquished Creatures
  A two-headed ogre (D:9)
  The ghost of greprep the Merchant of Misery, a novice DDNe of Kikubaaqudgha (D:8)
  Pikel (D:4)
  A deep elf mage (D:7)
  An efreet (D:10)
  3 trolls
  Grinder (D:3)
  A hippogriff (D:10)
  6 yaks
  Sigmund (D:2)
  Eustachio (D:6)
  3 hogs (D:7)
  A human (D:7)
  A wyvern (D:8)
  A golden eye (shapeshifter) (D:10)
  An acid dragon (D:10)
  A water moccasin (D:4)
  Duvessa (D:6)
  A phantom (D:8)
  4 ice beasts
  A slave (D:4)
  An orc warrior (D:9)
  The ghost of Zachthehappycat the Skirmisher, an amateur HuWn (Ossuary)
  4 sky beasts
  An eye of draining (D:9)
  8 ogres
  3 centaurs
  Blork the orc (D:4)
  A big kobold (D:8)
  4 bullfrogs
  Dowan (D:6)
  A wyvern skeleton (D:7)
  4 scorpions
  6 killer bees (D:8)
  9 howler monkeys
  3 wights (D:7)
  7 crimson imps
  A human zombie (Ossuary)
  A centaur zombie (D:6)
  3 bullfrog zombies
  4 jellies
  4 orc priests
  Crazy Yiuf (D:3)
  A centaur skeleton (D:8)
  2 hounds
  4 iguanas
  Terence (D:3)
  4 orc wizards
  4 worker ants
  A hound zombie (D:6)
  3 mummies (Ossuary)
  A worker ant zombie (D:7)
  Robin (D:4)
  A gnoll (D:5)
  A howler monkey skeleton (D:8)
  6 adders
  An adder zombie (D:5)
  2 worms
  4 dart slugs
  5 leopard geckos
  25 orcs
  9 bats
  5 giant cockroaches
  A gnoll zombie (Ossuary)
  12 goblins
  9 hobgoblins
  12 jackals
  8 quokkas
  4 ball pythons
  A frilled lizard (D:1)
  2 goblin zombies (Ossuary)
  3 hobgoblin zombies (Ossuary)
  A jackal skeleton (D:7)
  19 kobolds
  A kobold zombie (Ossuary)
  A leopard gecko skeleton (D:9)
  A quokka skeleton (D:4)
  A quokka zombie (D:5)
  10 rats
269 creatures vanquished.

Vanquished Creatures (others)
  A hound (D:4)
  A hound skeleton (D:4)
  A howler monkey skeleton (D:10)
  A leopard gecko (D:4)
  2 orcs (D:4)
  A plant (D:9)
7 creatures vanquished.

Grand Total: 276 creatures vanquished

Notes
Turn   | Place    | Note
-------+----------+-------------------------------------------
     0 | D:1      | gobwax the Demonspawn Gladiator began the quest for the Orb.
     0 | D:1      | Reached XP level 1. HP: 16/16 MP: 1/1
    88 | D:1      | Reached skill level 3 in Polearms
   157 | D:1      | You fall through a shaft!
   210 | D:1      | Gained mutation: When hurt, damage is shared between your health and your magic reserves. [demonic ancestry]
   210 | D:1      | Reached XP level 2. HP: 17/22 MP: 2/2
  1108 | D:1      | Gained mutation: You are slightly more attuned to the shadows. [demonic ancestry]
  1108 | D:1      | Reached XP level 3. HP: 4/27 MP: 1/3
  1495 | D:2      | Reached skill level 4 in Polearms
  2196 | D:2      | Gained mutation: You are partially covered in icy blue scales. (AC +2) [demonic ancestry]
  2196 | D:2      | Reached XP level 4. HP: 33/33 MP: 4/4
  2260 | D:2      | Noticed Sigmund
  2622 | D:3      | Found a runed door.
  2809 | D:3      | Noticed Crazy Yiuf
  2817 | D:3      | Killed Crazy Yiuf
  2891 | D:3      | Noticed Terence
  2909 | D:3      | Killed Terence
  2909 | D:3      | Reached skill level 5 in Polearms
  2950 | D:3      | Gained mutation: You have a pair of small horns on your head. [demonic ancestry]
  2950 | D:3      | Reached XP level 5. HP: 29/38 MP: 5/5
  3062 | D:3      | Noticed Grinder
  3086 | D:3      | Paralysed by Grinder for 4 turns
  3092 | D:3      | Paralysed by Grinder for 6 turns
  3100 | D:3      | Killed Grinder
  3100 | D:3      | Reached skill level 6 in Polearms
  3100 | D:3      | Gained mutation: You have a pair of horns on your head. [demonic ancestry]
  3100 | D:3      | Reached XP level 6. HP: 15/44 MP: 2/6
  3701 | D:2      | Killed Sigmund
  3701 | D:2      | Reached skill level 7 in Polearms
  3701 | D:2      | Reached XP level 7. HP: 19/50 MP: 2/7
  3847 | D:2      | You fall through a shaft for 2 floors!
  4256 | D:4      | Noticed Blork the orc
  4266 | D:4      | Noticed Robin
  4266 | D:4      | Killed Blork the orc
  4293 | D:4      | Killed Robin
  4568 | D:4      | Noticed Pikel
  4578 | D:4      | Killed Pikel
  4578 | D:4      | Reached skill level 9 in Polearms
  4578 | D:4      | Reached XP level 8. HP: 37/56 MP: 4/8
  5539 | D:4      | Gained mutation: You do not regenerate when monsters are visible. [mutagenic meat]
  5540 | D:4      | Gained mutation: Potions are less effective at restoring your health. [mutagenic meat]
  5543 | D:4      | Gained mutation: You are weak. (Str -2) [mutagenic meat]
  5586 | D:5      | Entered Level 5 of the Dungeon
  5644 | D:5      | Reached skill level 10 in Polearms
  6067 | D:5      | Got a steaming spear
  6068 | D:5      | Identified the +4 spear "Leih" {pierce, rElec rC- Str+4 Dex+2} (You found it on level 5 of the Dungeon)
  6357 | D:5      | Reached skill level 11 in Polearms
  6507 | D:5      | Gained mutation: You are significantly more attuned to the shadows. [demonic ancestry]
  6507 | D:5      | Reached XP level 9. HP: 61/61 MP: 9/9
  6561 | D:6      | Noticed Eustachio
  6588 | D:6      | Killed Eustachio
  6901 | D:6      | Reached XP level 10. HP: 80/80 MP: 10/10
  6902 | D:6      | Gained mutation: You are mostly covered in icy blue scales. (AC +3) [demonic ancestry]
  6902 | D:6      | Reached XP level 11. HP: 94/94 MP: 11/11
  6909 | D:6      | Found a staircase to the Ecumenical Temple.
  6938 | Temple   | Entered the Ecumenical Temple
  7012 | Temple   | Became a worshipper of Warmaster Okawaru
  7410 | D:6      | Noticed Dowan
  7411 | D:6      | Noticed Duvessa
  7437 | D:6      | Killed Duvessa
  7439 | D:6      | Killed Dowan
  7565 | D:7      | Found a sand-covered staircase.
  7572 | Ossuary  | Entered an ossuary
  7584 | Ossuary  | Noticed Zachthehappycat's ghost (amateur HuWn)
  7594 | Ossuary  | Killed Zachthehappycat's ghost
  7842 | D:7      | Reached skill level 12 in Polearms
  8306 | D:7      | Noticed a deep elf mage
  8314 | D:7      | Killed a deep elf mage
  8314 | D:7      | Reached * piety under Okawaru
  8847 | D:7      | Found a shimmering altar of Xom.
  9474 | D:8      | Found Ahoulatz's General Store.
  9554 | D:8      | Reached ** piety under Okawaru
  9659 | D:8      | Noticed greprep's ghost (novice DDNe)
  9682 | D:8      | Killed greprep's ghost
  9682 | D:8      | Reached skill level 5 in Evocations
  9746 | D:8      | Found a shimmering altar of Xom.
 10120 | D:9      | Noticed a two-headed ogre
 10135 | D:9      | Killed a two-headed ogre
 10135 | D:9      | Reached skill level 1 in Invocations
 10157 | D:9      | Found Woimipp's Gadget Emporium.
 10182 | D:9      | Reached *** piety under Okawaru
 10209 | D:9      | Reached XP level 12. HP: 38/100 MP: 11/17
 10686 | D:9      | Found Run Ygiw's Assorted Antiques.
 10709 | D:9      | Bought a metallic emerald potion for 24 gold pieces
 10720 | D:9      | Found Lixej's Magic Scroll Shop.
 10788 | D:9      | Found Umosir Vaage's Gadget Shoppe.
 11320 | D:9      | Found Ikoenir's Book Shoppe.
 11422 | D:10     | Entered Level 10 of the Dungeon
 11536 | D:10     | Found Fytics's Assorted Antiques.
 11572 | D:10     | Found Cearph's Magic Scroll Shop.
 11585 | D:10     | Bought a scroll of blinking for 82 gold pieces
 11604 | D:10     | Learned a level 2 spell: Swiftness
 11620 | D:10     | Reached **** piety under Okawaru
 11639 | D:10     | Found Qeklo's Gadget Shoppe.
 11738 | D:10     | Noticed a tengu reaver
 11758 | D:10     | HP: 1/102 [tengu reaver/enchanted battleaxe (5)]
 11758 | D:10     | Slain by a tengu reaver

Skill      XL: |  1  2  3  4  5  6  7  8  9 10 11 12 |
---------------+-------------------------------------+-----
Polearms       | 3 4 5 6 7 9 11 12 | 12.3
Fighting       | 8 11 | 11.9
Dodging        | 7 8 |  8.0
Evocations     | 7 |  7.2
Invocations    | 1 |  1.1
Throwing       | |  1.7

Action                   |  1- 3 |  4- 6 |  7- 9 | 10-12 || total
-------------------------+-------+-------+-------+-------++-------
Melee: Trident           |   105 |   141 |       |       ||   246
       Headbutt          |       |     8 |    22 |   110 ||   140
       Scythe            |       |       |   133 |       ||   133
       Spear             |       |       |    85 |   531 ||   616
       Halberd           |       |       |       |     1 ||     1
 Fire: Blowgun           |       |    14 |       |       ||    14
Throw: Throwing net      |     4 |       |       |       ||     4
Invok: Heroism           |       |       |       |     3 ||     3
 Abil: Evoke Berserk Rag |       |       |       |     5 ||     5
  Use: Potion            |     1 |       |     2 |    10 ||    13
       Scroll            |       |     4 |     2 |    10 ||    16
 Stab: Sleeping          |     4 |     6 |    13 |    19 ||    42
       Distracted        |     1 |     1 |       |     3 ||     5
  Eat: Chunk             |     4 |     5 |    15 |    19 ||    43
       Fruit             |       |       |       |     2 ||     2
Armor: Leather armour    |    28 |    43 |    64 |    63 ||   198
Dodge: Dodged            |    49 |    58 |   128 |   173 ||   408
